 Dungeon Crawl Stone Soup version 0.21.1-1-g345015fe64 (webtiles) character file.

2500 Knicklaso the Cleaver (level 9, -7/83 HPs)
             Began as a Hill Orc Monk on Apr 19, 2018.
             Was a Priest of Beogh.
             Impaled on a porcupine's spines (9 damage)
             ... on level 8 of the Dungeon.
             The game lasted 00:14:58 (7201 turns).

Knicklaso the Cleaver (Hill Orc Monk)               Turns: 7201, Time: 00:14:58

Health: -7/83      AC: 12    Str: 17    XL:     9   Next: 53%
Magic:  13/13      EV: 10    Int: 10    God:    Beogh [***...]
Gold:   323        SH:  0    Dex: 13    Spells: 8/8 levels left

rFire    . . .     SeeInvis .   K - +3 battleaxe
rCold    . . .     Gourm    .   (shield currently unavailable)
rNeg     . . .     Faith    .   l - +1 scale mail
rPois    .         Spirit   .   L - +0 helmet
rElec    .         Reflect  .   (no cloak)
rCorr    .         Harm     .   T - +2 pair of gloves
MR       .....                  (no boots)
Stlth    ..........             (no amulet)
HPRegen  0.23/turn              (no ring)
MPRegen  0.13/turn              (no ring)

@: hasted, drained, very quick
A: no striking features
a: Smiting, Renounce Religion


You were on level 8 of the Dungeon.
You worshipped Beogh.
Beogh was most pleased with you.
You were not hungry.

You visited 1 branch of the dungeon, and saw 8 of its levels.

You collected 323 gold pieces.

Inventory:

Hand Weapons
 a - a +0 hand axe
 e - the +7 flail of Misery {flame, MR+ Int+2}
   (You found it on level 4 of the Dungeon)

   It has been specially enchanted to burn those struck by it, causing extra
   injury to most foes and up to half again as much damage against particularly
   susceptible opponents.
   It affects your intelligence (+2).
   It affects your resistance to hostile enchantments.
 g - a +0 whip of electrocution
 F - the +4 Vampire's Tooth {vamp}
   (You found it on level 5 of the Dungeon)

   It inflicts no extra harm, but heals its wielder when it wounds a living foe.
 K - a +3 battleaxe (weapon)
Missiles
 y - 4 javelins of returning (quivered)
Armour
 l - a +1 scale mail (worn)
 L - a +0 helmet (worn)
 T - a +2 pair of gloves (worn)
Jewellery
 j - an uncursed ring of protection from cold {unknown}
 q - an uncursed ring of magical power {unknown}
 v - an uncursed ring of magical power {unknown}
 J - an uncursed amulet of harm {unknown}
 N - an uncursed ring of protection from cold {unknown}
 Q - an uncursed amulet of faith {unknown}
Wands
 h - a wand of iceblast (8)
 m - a wand of polymorph (18)
 z - a wand of disintegration (23)
 A - a wand of flame (58)
 C - a wand of acid (9)
 D - a wand of random effects (25)
Scrolls
 b - a scroll of fog {unknown}
 d - a scroll of fear
 k - 3 scrolls of teleportation
 p - 5 scrolls of remove curse
 x - 5 scrolls of identify
 B - a scroll of noise {unknown}
 E - 2 scrolls of amnesia {unknown}
 G - 2 scrolls of enchant armour
 H - a scroll of enchant weapon {unknown}
 I - a scroll of vulnerability {unknown}
 R - a scroll of immolation {unknown}
Potions
 f - a potion of haste
 i - 3 potions of degeneration
 n - a potion of ambrosia {unknown}
 o - a potion of mutation {unknown}
 r - 3 potions of agility {unknown}
 s - a potion of brilliance {unknown}
 t - a potion of berserk rage {unknown}
 u - a potion of flight {unknown}
 w - a potion of cancellation {unknown}
 M - a potion of magic {unknown}
 O - a potion of curing {unknown}
 P - a potion of lignification {unknown}
 S - a potion of heal wounds {unknown}
Comestibles
 c - 11 rations
 U - 4 chunks of flesh


   Skills:
 - Level 9.2(8.3) Fighting
 * Level 10.9(10.0) Axes
 + Level 5.0(4.3) Armour
 - Level 2.4(1.7) Dodging
 - Level 1.5(0.8) Stealth
 + Level 6.1(5.3) Invocations


You had 8 spell levels left.
You didn't know any spells.

Dungeon Overview and Level Annotations

Branches:
Dungeon (8/15)             Temple (0/1) D:7
   Lair: D:8-11

Altars:
Ashenzari
Dithmenos
Elyvilon
Gozag
Nemelex Xobeh
Okawaru
Qazlal
Ru
Xom
Zin

Shops:
D:4 :

Annotations:
D:7 asdpro's ghost, novice MiFi


Message History

The black bear bites you but does no damage.
The black bear claws you.
The black bear claws you but does no damage.
You hit the black bear.
The black bear is heavily wounded.
You closely miss the porcupine. The porcupine bites you!
* * * LOW HITPOINT WARNING * * *
The black bear bites you.
* * * LOW HITPOINT WARNING * * *
The black bear claws you but does no damage. x2
The porcupine closely misses you.
It was a potion of haste.
You feel yourself speed up.
The porcupine bites you but does no damage.
The black bear closely misses you. The black bear barely misses you. x2
You closely miss the porcupine.
The porcupine is almost dead.
You slash the black bear! The porcupine bites you!
* * * LOW HITPOINT WARNING * * *
You are struck by the porcupine's spines.
You die...

.##################.####
........................
######.#########.#.....
#.# #.#..... #.#
#....... #.# #.......
#.# #......( #.###+###
#r# #......#
#.......####@# #......#
#.........rh.# #......#
#.......####.# #......#
..........# #.# ........
..PP.......# #.#
........ %....P.#####
#.# ........


P.P.PhP #.# ........ ....... #.# ........ P. #.# ..###### You could see a black
bear and 2 porcupines.

Vanquished Creatures
  A hungry ghost (D:7)
  A porcupine (D:8)
  An ice beast (D:6)
  2 sky beasts
  A phantom (D:7)
  3 ogres
  2 big kobolds
  5 bullfrogs
  A water moccasin zombie (D:5)
  A scorpion (D:4)
  4 wights
  2 vampire bats (D:5)
  3 crimson imps
  4 orc wizards
  2 hounds
  A jelly (D:6)
  An iguana (D:4)
  3 bullfrog skeletons
  7 worker ants
  3 gnolls (D:6)
  A howler monkey skeleton (D:4)
  8 adders
  A shadow imp (D:7)
  2 oozes (D:1)
  5 worms
  A dart slug (D:2)
  A leopard gecko (D:2)
  10 orcs
  5 giant cockroaches
  2 goblins (D:1)
  3 hobgoblins
  2 jackals (D:4)
  6 quokkas
  10 bats
  4 frilled lizards
  11 kobolds
  6 rats
126 creatures vanquished.

Vanquished Creatures (collateral kills)
  An ogre (D:7)
1 creature vanquished.

Vanquished Creatures (others)
  An orc warrior (D:7)
  An orc priest (D:7)
  A shadow imp (D:7)
  An orc (D:7)
  13 fungi (D:8)
  2 plants (D:8)
19 creatures vanquished.

Grand Total: 146 creatures vanquished

Notes
Turn   | Place    | Note
-------+----------+-------------------------------------------
     0 | D:1      | Knicklaso the Hill Orc Monk began the quest for the Orb.
     0 | D:1      | Reached XP level 1. HP: 19/19 MP: 1/1
    38 | D:1      | Reached XP level 2. HP: 27/27 MP: 2/2
   965 | D:2      | Reached XP level 3. HP: 31/34 MP: 3/3
  1308 | D:2      | Found a shattered altar of Ashenzari.
  1495 | D:2      | Reached skill level 5 in Axes
  1838 | D:3      | Found a sacrificial altar of Ru.
  2041 | D:3      | Found an opulent altar of Gozag.
  2044 | D:3      | Found an iron altar of Okawaru.
  2047 | D:3      | Found a shimmering altar of Xom.
  2064 | D:3      | Found a sparkling altar of Nemelex Xobeh.
  2223 | D:4      | Got a dazzling flail
  2247 | D:4      | Identified the +7 flail of Misery {flame, MR+ Int+2} (You found it on level 4 of the Dungeon)
  2265 | D:4      | Noticed an ogre
  2267 | D:4      | Noticed a big kobold
  2267 | D:4      | an ogre changed into a big kobold
  2273 | D:4      | Killed a big kobold
  2273 | D:4      | Reached skill level 5 in Fighting
  2273 | D:4      | Reached XP level 4. HP: 39/42 MP: 4/4
  2273 | D:4      | Reached XP level 5. HP: 45/48 MP: 5/5
  2309 | D:4      | Found a white marble altar of Elyvilon.
  2372 | D:4      | Reached skill level 6 in Axes
  2491 | D:4      | Reached XP level 6. HP: 57/57 MP: 6/6
  2637 | D:4      | Reached skill level 7 in Axes
  2929 | D:4      | Found Xistroath's Book Shop.
  3057 | D:4      | Reached XP level 7. HP: 63/66 MP: 7/7
  3253 | D:5      | Entered Level 5 of the Dungeon
  3260 | D:5      | You fall through a shaft for 2 floors!
  3261 | D:7      | Became a worshipper of Beogh the Brigand
  3261 | D:7      | Reached * piety under Beogh
  3261 | D:7      | Reached ** piety under Beogh
  3278 | D:6      | Reached skill level 8 in Axes
  3813 | D:5      | Reached skill level 9 in Axes
  3813 | D:5      | Reached XP level 8. HP: 69/74 MP: 8/8
  3834 | D:5      | Found a glowing silver altar of Zin.
  4160 | D:5      | Found the +4 Vampire's Tooth {vamp}
  4317 | D:5      | Found a stormy altar of Qazlal.
  4772 | D:6      | Reached skill level 10 in Axes
  4989 | D:6      | Reached skill level 1 in Armour
  5130 | D:7      | Reached XP level 9. HP: 56/83 MP: 12/12
  5314 | D:6      | Reached *** piety under Beogh
  5318 | D:6      | Reached skill level 5 in Invocations
  5670 | D:7      | Noticed asdpro's ghost (novice MiFi)
  5677 | D:7      | HP: 1/83 [asdpro's ghost (7)]
  6451 | D:7      | Found a staircase to the Ecumenical Temple.
  6566 | D:7      | Found a shadowy altar of Dithmenos.
  7121 | D:8      | Reached skill level 5 in Armour
  7200 | D:8      | HP: 2/83 [porcupine (9)]
  7201 | D:8      | Impaled on a porcupine's spines

Skill      XL: |  1  2  3  4  5  6  7  8  9 |
---------------+----------------------------+-----
Fighting       | 4 5 6 7 8 9 |  9.2
Axes           | 5 6 7 9 10 | 10.9
Armour         | 3 5 |  5.0
Invocations    | 4 6 |  6.1
Dodging        | |  2.4
Stealth        | |  1.5

Action                   |  1- 3 |  4- 6 |  7- 9 || total
-------------------------+-------+-------+-------++-------
Melee: Hand axe          |    23 |       |       ||    23
       Whip              |    58 |       |       ||    58
       Flail             |     4 |    57 |   183 ||   244
       Battleaxe         |       |       |    82 ||    82
Invok: Convert to Beogh  |       |       |     1 ||     1
Evoke: Wand              |     2 |       |       ||     2
  Use: Scroll            |     6 |       |       ||     6
       Potion            |       |       |     1 ||     1
 Stab: Sleeping          |     5 |       |       ||     5
       Distracted        |       |       |     1 ||     1
  Eat: Chunk             |     3 |     3 |     9 ||    15
       Ration            |       |       |     2 ||     2
Armor: Robe              |     7 |       |       ||     7
       Scale mail        |    12 |    19 |   139 ||   170
Dodge: Dodged            |    44 |    32 |   139 ||   215
